Map: Eternal Empire LE

Players

Nina

  • Race: Protoss Protoss
  • League: Grandmaster
  • Spawn Location: 1:00

Neeb - Winner!

  • Race: Protoss Protoss
  • League: Master
  • Spawn Location: 7:00

Event: DreamHack SC2 Masters 2020 Fall

VOD

Have the link to the VOD?

Description

Time

  • Played on: Sept. 9, 2020, 6:19 p.m.
  • Length: 31:37

All games in this series

Show
View Real Time Build Order
Export as new Build Order

Nina Protoss 

Build Orders: Oracle Opening 

Get SALT Encoding   

  12  0:00  Probe (Chrono Boost)  
  13  0:10  Probe (Chrono Boost)  
  14  0:17  Pylon  
  14  0:21  Probe  
  15  0:35  Probe  
  15  0:38  Gateway  
  16  0:46  Assimilator  
  16  0:47  Probe  
  17  0:55  Assimilator  
  17  1:00  Probe (Chrono Boost)  
  19  1:11  Probe (Chrono Boost)  
  19  1:14  Gateway  
  19  1:17  Probe (Chrono Boost)  
  20  1:25  Cybernetics Core  
  20  1:26  Probe  
  21  1:36  Pylon  
  21  1:38  Probe  
  22  1:51  Probe  
  23  2:04  Nexus  
  23  2:05  Probe  
  23  2:08  Adept (Chrono Boost)  
  24  2:14  Warp Gate  
  26  2:18  Probe  
  27  2:31  Pylon, Probe  
  27  2:34  Adept  
  30  2:44  Gateway  
  31  2:54  Stargate  
  31  2:57  Probe  
  31  3:09  Probe  
  32  3:16  Stargate  
  32  3:17  Probe  
  33  3:21  Probe  
  33  3:23  Stalker  
  34  3:32  Probe  
  37  3:41  Probe  
  38  3:53  Probe  
  42  3:56  Shield Battery  
  42  3:58  Oracle x2 (Chrono Boost)  
  42  3:59  Probe  
  41  4:04  Stalker  
  41  4:07  Probe  
  44  4:13  Probe, Stalker  
  47  4:19  Probe  
  48  4:24  Shield Battery  
  48  4:25  Probe  
  48  4:28  Stalker  
  51  4:33  Pylon  
  51  4:36  Probe  
  52  4:40  Probe  
  51  4:45  Void Ray  
  55  5:01  Probe  
  55  5:02  Probe  
  57  5:10  Assimilator, Stalker  
  57  5:13  Stalker, Probe  
  61  5:14  Assimilator, Probe  
  61  5:25  Pylon, Probe  
  61  5:28  Pylon  
  62  5:36  Void Ray (Chrono Boost)  
  62  5:40  Void Ray (Chrono Boost)  
  62  5:43  Probe x2  
  62  5:45  Pylon  
  72  5:55  Probe x2  
  74  6:04  Void Ray (Chrono Boost)  
  74  6:07  Probe x2, Pylon  
  74  6:09  Void Ray (Chrono Boost)  
  80  6:16  Pylon  
  80  6:19  Probe x2  
  86  6:26  Pylon  
  86  6:30  Robotics Facility  
  86  6:32  Probe  
  87  6:40  Nexus  
  87  6:43  Shield Battery  
  84  6:49  Twilight Council  
  84  6:58  Probe  
  84  7:00  Stalker  
  85  7:02  Stalker  
  85  7:04  Probe  
  88  7:10  Probe  
  88  7:12  Pylon  
  89  7:16  Immortal (Chrono Boost)  
  89  7:21  Probe  
  94  7:27  Probe  
  94  7:28  Blink (Chrono Boost)  
  95  7:34  Stalker x2  
  99  7:37  Probe  
  99  7:43  Gateway  
  100  7:44  Probe  
  101  7:52  Probe  
  101  7:55  Probe  
  107  8:02  Stalker  
  107  8:05  Probe x2  
  107  8:07  Probe  
  107  8:17  Probe x2  
  109  8:25  Stalker x2  
  109  8:26  Probe  
  110  8:29  Probe  
  110  8:30  Pylon  
  111  8:35  Forge  
  111  8:37  Robotics Facility, Probe  
  111  8:38  Shield Battery  
  111  8:39  Robotics Bay  
  107  8:59  Stalker x3  
  107  9:00  Immortal  
  113  9:05  Protoss Ground Weapons Level 1 (Chrono Boost)  
  113  9:06  Probe  
  113  9:07  Probe x2  
  113  9:09  Assimilator  
  116  9:13  Assimilator  
  116  9:15  Photon Cannon  
  116  9:18  Probe  
  116  9:19  Probe  
  118  9:26  Disruptor  
  118  9:29  Photon Cannon  
  118  9:30  Stalker x3  
  127  9:36  Photon Cannon  
  127  9:40  Disruptor  
  128  9:59  Photon Cannon  
  125  10:01  Probe  
  125  10:03  Disruptor (Chrono Boost)  
  128  10:14  Pylon  
  128  10:15  Pylon  
  131  10:23  Disruptor (Chrono Boost)  
  131  10:29  Nexus  
  131  10:30  Sentry  
  131  10:32  Pylon  
  131  10:33  Pylon  
  131  10:34  Photon Cannon  
  133  10:35  Disruptor (Chrono Boost)  
  133  10:37  Robotics Facility  
  136  10:45  Stalker x2  
  136  10:49  Gateway  
  140  10:53  Observer, Gateway  
  140  10:55  Shield Battery  
  141  10:58  Photon Cannon  
  141  11:07  Gateway  
  141  11:09  Gateway  
  141  11:10  Stalker x2  
  141  11:11  Disruptor (Chrono Boost), Gateway  
  151  11:23  Disruptor (Chrono Boost)  
  151  11:24  Stalker  
  153  11:36  Gateway, Stalker x2  
  153  11:37  Gateway  
  153  11:38  Protoss Ground Weapons Level 2 (Chrono Boost)  
  157  11:44  Disruptor (Chrono Boost), Probe  
  161  11:47  Probe  
  161  11:48  Probe x2  
  164  11:56  Observer, Probe  
  164  11:59  Probe  
  164  12:00  Probe  
  168  12:01  Pylon  
  168  12:03  Probe  
  167  12:13  Stalker x2  
  167  12:14  Stalker x3  
  177  12:18  Disruptor  
  177  12:19  Probe  
  177  12:20  Probe  
  182  12:24  Photon Cannon  
  182  12:25  Probe  
  182  12:26  Observer  
  182  12:28  Observer  
  185  12:32  Unknown, Probe  
  184  12:45  Photon Cannon  
  184  12:47  Photon Cannon  
  182  12:51  Stalker x4  
  188  13:05  Photon Cannon  
  186  13:08  Photon Cannon  
  186  13:09  Observer  
  187  13:13  Probe  
  187  13:14  Photon Cannon  
  187  13:16  Probe  
  187  13:23  Pylon x2  
  187  13:31  Probe  
  188  13:37  Probe  
  188  13:40  Disruptor x3  
  195  13:42  Stalker  
  195  13:43  Stalker x2  
  195  13:48  Photon Cannon  
  189  14:16  Disruptor  
  189  14:17  Observer x2  
  193  14:20  Probe  
  194  14:27  Observer  
  173  14:34  Probe  
  173  14:36  Probe  
  173  14:37  Disruptor  
  136  14:39  Stalker x2  
  136  14:40  Stalker x8  
  136  14:41  Probe  
  136  14:42  Probe  
  158  14:47  Probe  
  158  14:52  Disruptor  
  162  14:55  Nexus, Pylon  
  162  14:58  Pylon  
  159  15:01  Protoss Ground Weapons Level 3, Photon Cannon  
  159  15:03  Stalker x4  
  159  15:04  Photon Cannon, Stalker x2  
  171  15:09  Dark Shrine  
  171  15:16  Observer  
  171  15:23  Photon Cannon  
  171  15:25  Photon Cannon  
  171  15:27  Photon Cannon  
  171  15:29  Stalker x4  
  171  15:34  Stalker x2  
  157  16:10  Disruptor (Chrono Boost)  
  143  16:11  Disruptor (Chrono Boost)  
  143  16:13  Disruptor (Chrono Boost)  
  131  16:20  Stalker x8  
  131  16:21  Stalker x2  
  131  16:24  Probe  
  143  16:32  Probe  
  144  16:34  Templar Archives  
  144  16:37  Probe  
  144  16:39  Disruptor x2 (Chrono Boost)  
  145  16:41  Disruptor (Chrono Boost)  
  145  16:44  Stalker x3  
  159  16:52  Dark Templar x3  
  157  16:54  Observer  
  147  17:05  Stalker x2  
  147  17:08  Stalker x4  
  153  17:11  Disruptor  
  153  17:12  Disruptor  
  161  17:21  Stalker  
  161  17:22  Disruptor  
  165  17:28  Stalker x4  
  173  17:30  Dark Templar  
  173  17:34  Assimilator  
  173  17:35  Assimilator  
  173  17:36  Stalker x2  
  179  17:42  Stalker x2  
  183  17:50  Observer  
  183  17:51  Observer  
  182  17:56  Stalker x2  
  182  18:08  Observer (Chrono Boost), Stalker x4  
  182  18:10  Observer  
  191  18:17  Photon Cannon  
  191  18:19  Photon Cannon  
  192  18:21  Pylon  
  192  18:26  Observer (Chrono Boost)  
  192  18:27  Shadow Stride  
  191  18:40  Gravitic Boosters  
  191  18:44  Stalker x4  
  199  18:50  Nexus  
  199  18:51  Pylon  
  199  18:52  Stargate, Protoss Shields Level 1  
  199  18:53  Pylon  
  199  18:58  Observer  
  190  19:27  Dark Templar x5  
  198  19:59  Observer  
  199  20:01  Photon Cannon  
  199  20:05  Photon Cannon  
  199  20:08  Photon Cannon  
  199  20:23  Dark Templar  
  199  20:25  Photon Cannon  
  199  20:26  Nexus  
  199  20:28  Shield Battery, Protoss Air Weapons Level 1  
  199  20:30  Assimilator  
  199  20:35  Assimilator  
  195  20:37  Dark Templar x2  
  199  20:42  Disruptor  
  199  20:44  Dark Templar  
  196  20:54  Stargate x2  
  196  20:56  Dark Templar  
  198  20:57  Fleet Beacon, Stargate  
  198  21:02  Pylon  
  198  21:03  Pylon  
  198  21:07  Unknown  
  198  21:16  Nexus  
  198  21:18  Pylon  
  184  21:19  Dark Templar x2  
  184  21:20  Pylon  
  174  21:36  Stalker x4  
  173  21:49  Stalker x2  
  173  21:50  Shield Battery  
  173  21:52  Photon Cannon, Probe  
  173  21:54  Probe  
  179  21:55  Photon Cannon  
  179  21:58  Photon Cannon  
  179  22:00  Probe  
  180  22:07  Warp Prism  
  180  22:08  Warp Prism  
  180  22:09  Warp Prism  
  180  22:10  Gravitic Drive  
  178  22:28  Probe  
  178  22:29  Probe  
  178  22:31  Probe  
  178  22:35  Stalker x4  
  187  22:37  Zealot x5  
  187  22:38  Probe  
  187  22:41  Assimilator  
  187  22:42  Assimilator  
  184  23:11  Nexus  
  142  23:26  Disruptor  
  124  23:29  Stalker x4  
  124  23:30  Stalker x6  
  135  23:45  Probe x2  
  135  23:46  Probe  
  135  23:48  Probe  
  139  23:50  Probe, Photon Cannon  
  139  23:53  Disruptor x2  
  139  23:54  Photon Cannon  
  146  23:59  Zealot x2  
  146  24:00  Zealot x8  
  166  24:07  Photon Cannon  
  166  24:09  Photon Cannon  
  167  24:11  Disruptor, Photon Cannon  
  169  24:20  Zealot x2, Dark Templar  
  169  24:21  Zealot x6  
  187  24:27  Pylon  
  187  24:32  Disruptor  
  184  24:41  Charge  
  184  24:42  Observer  
  184  24:44  Nexus  
  180  24:46  Shield Battery  
  180  24:47  Photon Cannon  
  180  24:49  Photon Cannon  
  180  24:51  Photon Cannon  
  175  24:53  Photon Cannon  
  175  24:57  Disruptor  
  175  24:58  Unknown  
  178  25:17  Tempest  
  180  25:28  Photon Cannon  
  180  25:35  Tempest  
  180  25:37  Nexus  
  185  25:43  Pylon  
  184  25:51  Zealot x3  
  184  25:52  Zealot, Dark Templar x2  
  184  25:53  Zealot x2  
  198  26:10  Tempest  
  195  26:18  Tempest  
  200  26:29  Photon Cannon  
  200  26:30  Photon Cannon  
  200  26:32  Zealot x3  
  199  26:35  Nexus  
  199  26:43  Pylon  
  197  27:02  Shield Battery  
  197  27:04  Photon Cannon  
  196  27:14  Shield Battery  
  196  27:16  Photon Cannon  
  196  27:18  Photon Cannon  
  196  27:26  Tempest (Chrono Boost)  
  197  27:43  Tempest x2 (Chrono Boost)  
  194  27:53  Observer  
  194  27:54  Tempest (Chrono Boost)  
  182  28:04  Stalker  
  182  28:05  Stalker x4  
  158  28:28  Stalker x5  
  165  28:50  Observer  
  135  30:27  Observer  
Show
View Real Time Build Order
Export as new Build Order

Neeb Protoss - Winner!

Build Orders: Nexus First, Oracle Opening 

Get SALT Encoding   

  12  0:00  Probe  
  13  0:12  Probe  
  14  0:18  Pylon  
  14  0:24  Probe (Chrono Boost)  
  15  0:36  Probe (Chrono Boost)  
  16  0:44  Probe (Chrono Boost)  
  17  0:57  Nexus  
  17  1:06  Gateway  
  17  1:10  Probe (Chrono Boost)  
  18  1:19  Probe (Chrono Boost)  
  18  1:20  Assimilator  
  18  1:24  Assimilator  
  18  1:25  Probe  
  20  1:36  Gateway  
  20  1:39  Probe  
  21  1:51  Probe  
  22  1:56  Cybernetics Core  
  22  2:03  Probe  
  23  2:15  Probe  
  24  2:24  Probe  
  24  2:27  Probe  
  26  2:32  Adept (Chrono Boost)  
  26  2:33  Adept (Chrono Boost)  
  26  2:35  Stargate  
  26  2:36  Probe  
  31  2:41  Probe  
  32  2:45  Pylon  
  32  2:48  Probe  
  33  2:53  Warp Gate, Probe  
  34  2:59  Stalker  
  36  3:07  Shield Battery  
  36  3:11  Probe  
  36  3:12  Probe  
  37  3:19  Oracle (Chrono Boost), Shield Battery  
  37  3:23  Probe  
  41  3:27  Pylon  
  41  3:29  Probe  
  42  3:34  Stalker  
  42  3:37  Probe  
  45  3:41  Probe  
  45  3:45  Stalker  
  48  3:49  Probe  
  48  3:54  Probe  
  50  4:01  Probe  
  51  4:03  Shield Battery  
  51  4:06  Probe  
  52  4:17  Pylon  
  52  4:18  Pylon  
  52  4:19  Pylon  
  52  4:20  Probe  
  52  4:21  Probe  
  54  4:25  Assimilator x2  
  54  4:31  Robotics Facility  
  54  4:35  Probe x2  
  60  4:40  Pylon  
  56  4:45  Sentry  
  56  4:46  Stalker  
  56  4:47  Probe  
  56  4:52  Probe  
  59  4:59  Probe  
  57  5:04  Probe  
  55  5:11  Probe  
  55  5:18  Nexus, Probe (Chrono Boost)  
  55  5:19  Pylon  
  56  5:22  Twilight Council  
  56  5:23  Forge  
  56  5:24  Probe (Chrono Boost)  
  58  5:31  Stalker  
  58  5:33  Probe x2 (Chrono Boost)  
  61  5:38  Probe (Chrono Boost)  
  61  5:39  Stalker  
  61  5:40  Probe  
  65  5:50  Probe  
  65  5:52  Probe  
  65  5:55  Blink (Chrono Boost)  
  64  6:00  Protoss Ground Weapons Level 1 (Chrono Boost)  
  64  6:02  Probe  
  65  6:04  Probe  
  65  6:10  Gateway x2  
  66  6:13  Sentry, Stalker  
  66  6:14  Probe  
  66  6:16  Probe  
  72  6:24  Gateway  
  72  6:26  Gateway  
  71  6:33  Probe  
  71  6:34  Probe  
  71  6:38  Stalker x2  
  77  6:41  Warp Prism (Chrono Boost)  
  77  6:47  Shield Battery  
  79  7:05  Photon Cannon, Stalker x2  
  79  7:06  Stalker  
  79  7:07  Stalker  
  87  7:09  Probe  
  87  7:10  Probe  
  87  7:11  Probe  
  90  7:22  Probe  
  91  7:24  Probe  
  91  7:25  Probe  
  93  7:30  Pylon  
  93  7:31  Pylon  
  93  7:32  Dark Shrine  
  93  7:35  Stalker x2  
  97  7:37  Stalker  
  99  7:50  Stalker x3  
  105  7:54  Probe x2 (Chrono Boost)  
  105  7:57  Probe (Chrono Boost)  
  108  7:59  Protoss Ground Weapons Level 2 (Chrono Boost)  
  108  8:06  Charge, Probe (Chrono Boost)  
  108  8:07  Probe (Chrono Boost)  
  108  8:09  Probe (Chrono Boost)  
  111  8:14  Probe (Chrono Boost)  
  111  8:15  Probe (Chrono Boost)  
  111  8:17  Probe (Chrono Boost), Stalker x4  
  122  8:20  Probe  
  122  8:23  Probe  
  124  8:27  Gateway  
  124  8:31  Templar Archives  
  124  8:32  Gateway  
  124  8:33  Assimilator  
  124  8:36  Assimilator  
  124  8:40  Shield Battery  
  124  8:43  Pylon  
  120  8:49  Stalker x2  
  120  8:54  Probe  
  115  8:59  Stalker x3  
  115  9:00  Stalker  
  123  9:10  Probe  
  123  9:12  Dark Templar  
  123  9:15  Dark Templar  
  125  9:20  Nexus  
  125  9:22  Pylon  
  125  9:25  Pylon  
  125  9:26  Pylon  
  125  9:34  Probe x2  
  125  9:35  Probe  
  125  9:37  High Templar  
  125  9:38  High Templar  
  132  9:40  Pylon  
  132  9:41  Pylon  
  132  9:42  Pylon  
  130  9:52  Stalker x4  
  134  9:53  Zealot x2  
  134  9:59  Probe x2  
  140  10:04  Robotics Bay  
  140  10:05  Archon  
  140  10:06  Robotics Facility, Observer  
  139  10:08  Probe  
  139  10:11  Probe, Stalker x2  
  145  10:22  Dark Templar  
  145  10:23  Zealot x2  
  145  10:27  Protoss Ground Weapons Level 3 (Chrono Boost)  
  151  10:30  Archon  
  151  10:33  Shield Battery  
  151  10:36  Observer (Chrono Boost), Pylon  
  152  10:46  Assimilator  
  152  10:48  Shadow Stride (Chrono Boost), Assimilator  
  152  10:50  Photon Cannon  
  152  10:51  Photon Cannon, Pylon  
  152  10:53  Disruptor (Chrono Boost)  
  152  10:56  Photon Cannon  
  155  11:01  Disruptor (Chrono Boost)  
  155  11:03  Probe x4  
  162  11:13  Pylon  
  162  11:22  Disruptor (Chrono Boost)  
  165  11:28  Disruptor (Chrono Boost)  
  165  11:32  Nexus  
  168  11:34  Pylon  
  168  11:35  Photon Cannon  
  168  11:36  Pylon  
  168  11:37  Photon Cannon  
  168  11:38  Photon Cannon, Gravitic Boosters (Chrono Boost)  
  168  11:42  Photon Cannon  
  168  11:44  Photon Cannon  
  168  11:45  Probe x4  
  172  11:47  Disruptor (Chrono Boost)  
  172  11:53  Disruptor (Chrono Boost)  
  178  12:03  Unknown  
  178  12:05  Photon Cannon  
  178  12:07  Photon Cannon  
  176  12:08  Disruptor  
  176  12:09  Oracle, Shield Battery  
  179  12:19  Dark Templar x4  
  179  12:21  Dark Templar  
  179  12:22  Disruptor  
  192  12:29  Photon Cannon  
  192  12:31  Photon Cannon  
  195  12:41  Disruptor  
  198  12:57  Dark Templar  
  196  13:12  Fleet Beacon, Gateway  
  196  13:14  Gateway  
  196  13:15  Cybernetics Core  
  196  13:17  Gateway  
  196  13:19  Gateway  
  196  13:20  Gateway  
  196  13:22  Gateway  
  196  13:24  Protoss Air Weapons Level 1 (Chrono Boost)  
  196  13:50  Zealot x3  
  158  14:10  Zealot x4  
  158  14:15  Dark Templar x7  
  158  14:16  Dark Templar  
  146  14:35  Mothership  
  126  14:40  Probe x2  
  126  14:44  Robotics Facility  
  136  14:45  Robotics Bay  
  136  14:46  Robotics Facility  
  136  14:48  Observer (Chrono Boost)  
  136  14:50  Stalker x4  
  136  14:51  Stalker x5  
  155  15:09  Observer  
  156  15:14  Observer, Stalker x9  
  156  15:17  Nexus  
  172  15:32  Disruptor x3  
  181  15:41  Zealot x9  
  195  16:03  Zealot x6  
  195  16:04  Zealot x3  
  183  16:08  Disruptor x2  
  173  16:17  Disruptor  
  168  16:18  Probe  
  168  16:19  Probe x2  
  168  16:21  Observer  
  168  16:25  Pylon  
  171  16:26  Stargate  
  171  16:27  Pylon  
  171  16:28  Stargate  
  171  16:31  Protoss Air Weapons Level 2 (Chrono Boost)  
  171  16:32  Stargate  
  171  16:35  Zealot, High Templar x6, Protoss Air Armor Level 1 (Chrono Boost)  
  171  16:36  Zealot x2  
  189  16:41  Assimilator, Archon x2  
  189  16:42  Archon  
  189  16:43  Disruptor  
  189  16:44  Disruptor  
  195  16:53  Disruptor  
  180  17:09  Stalker x6  
  180  17:10  Stalker x3  
  198  17:16  Assimilator  
  188  17:23  Photon Cannon  
  188  17:24  Disruptor  
  188  17:25  Photon Cannon  
  188  17:27  Photon Cannon  
  188  17:29  Photon Cannon  
  197  17:38  Oracle (Chrono Boost)  
  194  17:44  Carrier x3 (Chrono Boost)  
  196  18:05  Oracle (Chrono Boost)  
  191  18:24  Photon Cannon  
  191  18:25  Photon Cannon  
  191  18:27  Photon Cannon x2  
  191  18:29  Photon Cannon  
  191  18:30  Photon Cannon  
  191  18:31  Shield Battery  
  191  18:33  Shield Battery  
  191  18:35  Oracle  
  194  18:50  Carrier  
  200  18:56  Protoss Air Armor Level 2 (Chrono Boost)  
  200  18:57  Protoss Air Weapons Level 3 (Chrono Boost)  
  200  19:00  Photon Cannon  
  200  19:02  Photon Cannon  
  200  19:04  Photon Cannon  
  200  19:06  Shield Battery  
  200  19:08  Nexus  
  188  19:28  Disruptor x2  
  184  19:32  Pylon  
  184  19:34  Photon Cannon  
  184  19:35  Carrier  
  184  19:37  Photon Cannon  
  196  19:43  Dark Templar x3  
  186  20:00  Stalker  
  186  20:01  Stalker x6  
  186  20:05  Pylon  
  200  20:26  Dark Templar x3  
  194  20:53  Carrier (Chrono Boost)  
  200  21:31  Protoss Shields Level 1 (Chrono Boost)  
  200  21:45  Protoss Air Armor Level 3  
  190  22:09  Photon Cannon  
  190  22:11  Shield Battery, Photon Cannon x2  
  190  22:12  Photon Cannon x2  
  190  22:15  Shield Battery  
  190  22:16  Shield Battery, Photon Cannon  
  188  22:36  Carrier x2  
  200  22:41  Nexus  
  200  22:42  Pylon  
  198  22:48  Gateway  
  198  22:51  Gateway  
  194  22:53  Gateway  
  194  22:57  Gateway  
  194  23:00  Gateway  
  162  23:07  Dark Templar x7  
  162  23:08  Dark Templar x2, Mothership (Chrono Boost)  
  188  23:19  Carrier x2  
  158  23:40  Zealot x3, Dark Templar x6, Unknown, Carrier  
  182  23:44  Pylon  
  182  23:56  Disruptor  
  181  24:05  Nexus  
  181  24:06  Nexus  
  181  24:08  Photon Cannon  
  167  24:10  Photon Cannon  
  167  24:11  Photon Cannon, Carrier  
  167  24:13  Photon Cannon  
  167  24:14  Photon Cannon  
  167  24:16  Shield Battery  
  167  24:17  Pylon  
  173  24:18  Shield Battery  
  173  24:21  Shield Battery  
  173  24:23  Pylon  
  172  24:26  Carrier  
  178  24:32  Assimilator  
  178  24:36  Assimilator  
  178  24:39  Photon Cannon  
  178  24:40  Photon Cannon  
  178  24:42  Photon Cannon  
  178  24:44  Photon Cannon  
  178  24:45  Photon Cannon  
  178  24:47  Shield Battery, Photon Cannon  
  178  24:48  Shield Battery  
  178  24:51  Shield Battery, Carrier  
  178  24:52  Shield Battery  
  184  24:53  Disruptor  
  184  24:55  Shield Battery  
  184  24:57  Pylon  
  187  25:06  Carrier  
  193  25:09  Pylon  
  193  25:14  Pylon  
  180  26:08  Zealot x6  
  180  26:09  Zealot x3  
  198  26:28  Disruptor (Chrono Boost)  
  198  26:38  Photon Cannon  
  184  26:40  Disruptor x2 (Chrono Boost), Photon Cannon  
  184  26:44  Photon Cannon  
  186  26:47  Pylon  
  186  27:18  Photon Cannon  
  186  27:20  Photon Cannon  
  186  27:21  Disruptor x2, Photon Cannon  
  192  27:23  Disruptor, Pylon, Photon Cannon  
  192  27:25  Photon Cannon  
  192  27:27  Shield Battery  
  192  27:28  Shield Battery  
  195  27:32  Pylon  
  195  27:34  Pylon  
  194  28:03  Nexus  
  194  28:05  Pylon  
  194  28:07  Pylon  
  190  28:26  Photon Cannon  
  190  28:28  Photon Cannon  
  190  28:29  Photon Cannon  
  190  28:32  Photon Cannon  
  189  28:34  Photon Cannon  
  189  28:36  Photon Cannon  
  189  28:38  Photon Cannon  
  189  28:40  Shield Battery  
  187  28:43  Shield Battery  
  187  28:45  Shield Battery  
  187  28:46  Shield Battery  
  186  28:48  Assimilator  
  186  28:53  Assimilator  
  175  29:04  Tempest x4  
  175  29:07  Nexus  
  184  29:14  Stargate x2  
  184  29:15  Nexus  
  184  29:18  Dark Templar  
  184  29:19  Dark Templar x6  
  184  29:21  Stargate  
  184  29:24  Stargate  
  185  29:37  Probe  
  185  29:38  Probe  
  170  29:47  Tempest x4  
  176  30:01  Tempest  
  176  30:03  Probe  
  182  30:09  Tempest  
  187  30:16  Probe  
  188  30:25  Pylon  
  188  30:28  Unknown, Probe  
  182  30:29  Archon  
  182  30:30  Tempest x2  
  192  30:40  Probe  
  193  30:49  Assimilator, Pylon  
  193  30:50  Photon Cannon  
  193  30:52  Probe, Photon Cannon, Tempest  
  193  30:54  Photon Cannon  
  193  30:55  Photon Cannon  
  199  30:57  Photon Cannon  
  199  30:59  Shield Battery  
  199  31:00  Shield Battery  
  199  31:02  Shield Battery  
  199  31:05  Pylon  
  199  31:08  Pylon  
  199  31:11  Shield Battery x2  
  199  31:12  Assimilator, Shield Battery x2  
  199  31:13  Shield Battery  
  199  31:14  Shield Battery  
  199  31:15  Shield Battery  

Tags
 
Add a new tag
Caveats
  • Supply blocks, unpowered buildings, or Contaminate may cause inaccurate times.
  • Supply counts are checked every 10 seconds.